 Dungeon Sprint DCSS version 0.29-a0-723-gce39da1c22 (webtiles) character file.

Game seed: 2105897925710324226

437 zeratav the Nimble (level 6, 0/39 HPs)
             Began as a Spriggan Brigand on June 28, 2022.
             Was an Initiate of Wu Jian.
             Slain by Sonja
             ... wielding a +1 short sword of distortion
              (2 damage)
             ... in the Dungeon (Sprint I: "Red Sonja").
             The game lasted 00:03:03 (122 turns).

zeratav the Nimble (Spriggan Brigand)                Turns: 122, Time: 00:03:04

Health: 0/39       AC:  5    Str:  7    XL:     6   Next: 69%
Magic:  7/7        EV: 24    Int: 13    God:    Wu Jian [......]
Gold:   36         SH:  0    Dex: 18    Spells: 3/5 levels left

rFire   . . .      SeeInvis +   a - +2 dagger {short}
rCold   . . .      Faith    .   (no shield)
rNeg    . . .      Spirit   .   m - +2 robe
rPois   .          Reflect  .   (helmet restricted)
rElec   .          Harm     .   c - +0 cloak
rCorr   .          Rampage  .   (gloves unavailable)
Will    +....      NoTele   +   (boots unavailable)
Stlth   ++++......              (no amulet)
HPRegen 0.13/turn               (no ring)
MPRegen 0.10/turn               (no ring)

@: slowed, quick
A: very small, no large weapons, unfitting armour, see invisible, speed 3
a: Renounce Religion


You were in the Dungeon.
You worshipped Wu Jian.
Wu Jian was noncommittal.
You visited 1 branch You collected 316 gold pieces.
You spent 280 gold pieces at shops.


Innate Abilities, Weirdness & Mutations

You are very small and have problems with some larger weapons.
You are too small for most types of armour.
You have supernaturally acute eyesight. (SInv)
You cover ground extremely quickly. (Speed+++)


   Skills:
 - Level 8.0 Fighting
 - Level 8.0 Short Blades
 - Level 2.0 Throwing
 - Level 1.2 Armour
 + Level 10.0 Dodging
 - Level 8.0 Stealth
 + Level 0.0 Hexes
 + Level 0.0 Transmutations
 + Level 0.0 Ice Magic
 + Level 0.0 Earth Magic


You had 3 spell levels left.
You knew the following spells:

 Your Spells              Type           Power      Damage    Failure   Level
a - Passwall              Tmut/Erth      0%         N/A       43%         2

Your spell library contained the following spells:

 Spells                   Type           Power      Damage    Failure   Level
 Ensorcelled Hibernation  Hex/Ice        0%         N/A       43%         2
 Swiftness                Air            0%         N/A       67%         3

Inventory:

Hand Weapons
 a - a +2 dagger (weapon) {short}
Missiles
 d - 7 poisoned darts (quivered) {throwing}
 e - 3 curare-tipped darts {=fthrowing}
Armour
 c - a +0 cloak (worn)
 m - a +2 robe (worn)
   (You took it off Sigmund in the Dungeon)
Wands
 l - a wand of digging (2)
   (You took it off Ijyb in the Dungeon)
Scrolls
 k - a scroll of blinking {!r}
Potions
 g - a potion of heal wounds {@q2}
 h - a potion of haste {@q3}
 i - 2 potions of magic
 j - a potion of berserk rage {!q}
 n - a potion of cancellation {unknown}

Dungeon Overview and Level Annotations

Branches:
Dungeon (1/1) Zot: 27000

Altars:
Cheibriados
Dithmenos
Elyvilon
Fedhas
Gozag
Hepliaklqana
Kikubaaqudgha
Nemelex Xobeh
Okawaru
Qazlal
Ru
Sif Muna
Trog
Uskayaw
Vehumet
Wu Jian
Yredelemnul
Zin
The Shining One

Shops:
D :

Annotations:
D Sonja

################
#<.#.)'..#.[@..#
#..'..#.)'..#K.+
#..#####'#####'#
#..####..#...#(#
#..#__####..##.#
#..#_____##'#_.+
#⌠⌠#_.∩..†'.(._#
####_..__##_.#+#
#_____###'#


You could see Sonja.


Message History

There is an entrance to Huow's Book Emporium here.
You can access your shopping list by pressing '$'.
You pick up a book of Burglary and begin reading...
You add the spells Passwall, Ensorcelled Hibernation and Swiftness to your library.
Thank you for shopping at Huow's Book Emporium!
You can access your shopping list by pressing '$'.
There is a blossoming altar of Fedhas here.
This spell is dangerous to cast!
Memorise Passwall, consuming 2 spell levels and leaving 3?
You start memorising the spell.
You continue memorising. x2
You finish memorising.
Spell assigned to 'a'.
Casting: Passwall (dangerous; 43% risk of failure)
Confirm with . or Enter, or press ? or * to list all spells.
Aiming: Passwall (dangerous; 43% risk of failure)
Press: ? - help, Dir - move target A rock wall.
Okay, then.
There is a stormy altar of Qazlal here.
Casting: Passwall (dangerous; 43% risk of failure)
Confirm with . or Enter, or press ? or * to list all spells.
Aiming: Passwall (dangerous; 43% risk of failure)
Press: ? - help, Dir - move target
There is no adjacent passable wall in that direction.
A stone wall.
Okay, then.
You see here a yak corpse.
There is an open door here.
There is an open door here.
Casting: Passwall (dangerous; 43% risk of failure)
Confirm with . or Enter, or press ? or * to list all spells.
You aren't next to any passable walls.
Okay, then.
You open the door.
Sonja, the Graceful Assassin comes into view.
She is wielding a +1 short sword of distortion and quivering curare-tipped darts.
There is an open door here.
Sonja shouts!
Sonja gestures wildly while chanting.
Sonja blinks!
Throw: 9 darts (poison) {throwing}
Press: ? - help, Q - select action, (/) - cycle Shift-Dir - straight line, f - Sonja
Aim: Sonja, wielding a +1 short sword of distortion and quivering curare-tipped darts (23% to hit)
You throw a poisoned dart {throwing}.
The poisoned dart {throwing} misses Sonja.
Sonja casts a spell.
Sonja blinks!
You hit Sonja. Sonja completely misses you.
Sonja hits you with a +1 short sword of distortion.
Sonja misses you.
HP[-3]
You take 3 damage, and now have 36/39 hp.
Sonja mumbles some strange words.
Sonja blinks!
There is an open door here.
Sonja closely misses you. Sonja hits you but does no damage.
Sonja closely misses you.
Sonja says, "Someone hired me to kill you, but I'm not supposed to say who."
Sonja hits you with a +1 short sword of distortion!
Sonja misses you. Sonja closely misses you.
HP[-8]
You take 8 damage, and now have 28/39 hp.
MASSIVE DAMAGE!! (PAUSE)
There is an open door here.
Throw: 8 darts (poison) {throwing}
Press: ? - help, Q - select action, (/) - cycle Shift-Dir - straight line, f/p - Sonja
Aim: Sonja, wielding a +1 short sword of distortion and quivering curare-tipped darts (23% to hit)
You throw a poisoned dart {throwing}.
The poisoned dart {throwing} misses Sonja.
Sonja bows elegantly.
Sonja throws a curare-tipped dart.
The curare-tipped dart hits you.
You are poisoned.
You have difficulty breathing.
You feel yourself slow down.
HP[-4]
You take 4 damage, and now have 24/39 hp.
Sonja attacks as you move away!
Sonja hits you with a +1 short sword of distortion!
* * * LOW HITPOINT WARNING * * *
Sonja hits you with a +1 short sword of distortion.
* * * LOW HITPOINT WARNING * * *
Space warps around you.
* * * LOW HITPOINT WARNING * * *
Sonja completely misses you.
* * * LOW HITPOINT WARNING * * *
You feel very sick.
There is an open door here.
HP[-23]
You take 23 damage, and now have 1/39 hp.
MASSIVE DAMAGE!! (PAUSE) Unknown command.
You feel better. Sonja completely misses you.
Sonja hits you with a +1 short sword of distortion.
* * * LOW HITPOINT WARNING * * *
Space warps around you.
* * * LOW HITPOINT WARNING * * *
Sonja closely misses you. Sonja barely misses you. Sonja misses you.
Sonja completely misses you. HP[+1] Sonja attacks as you move away!
Sonja misses you.
Sonja hits you with a +1 short sword of distortion.
You die...

Skill      XL: |  1  2  3  4  5  6 |
---------------+-------------------+-----
Fighting       | 4 7 8 |  8.0
Stealth        | 8 |  8.0
Short Blades   | 8 |  8.0
Dodging        | 3 10 | 10.0
Armour         | 1 |  1.2
Throwing       | |  2.0

Action                   |  1- 3 |  4- 6 || total
-------------------------+-------+-------++-------
Melee: Dagger            |     2 |     4 ||     6
Throw: Dart              |       |     2 ||     2
Invok: Lunge             |       |     2 ||     2
  Use: Potion            |       |     1 ||     1
 Stab: Sleeping          |     2 |     3 ||     5
Armor: Robe              |       |     1 ||     1
Dodge: Dodged            |       |    13 ||    13

Levels and vault maps discovered:
D:        dungeon_sprint_1 [red_sonja_temple_1, red_sonja_temple_small_1]

Notes
Turn   | Place    | Note
-------+----------+-------------------------------------------
     0 | D        | zeratav the Spriggan Brigand began the quest for the Orb.
     0 | D        | Reached XP level 1. HP: 10/10 MP: 2/2
     0 | D        | magus.rc [v1.9.6]
     2 | D        | Noticed Ijyb
     5 | D        | Killed Ijyb
     6 | D        | Reached skill level 4 in Fighting
     6 | D        | Reached skill level 8 in Stealth
     6 | D        | Reached XP level 2. HP: 17/17 MP: 3/3
     8 | D        | Noticed an ogre
    11 | D        | Killed an ogre
    12 | D        | Reached skill level 7 in Fighting
    12 | D        | Reached XP level 3. HP: 25/25 MP: 4/4
    12 | D        | Reached XP level 4. HP: 30/30 MP: 5/5
    22 | D        | Noticed Sigmund
    25 | D        | Killed Sigmund
    26 | D        | Reached skill level 8 in Fighting
    26 | D        | Reached skill level 8 in Short Blades
    26 | D        | Reached skill level 3 in Dodging
    26 | D        | Reached XP level 5. HP: 34/34 MP: 6/6
    26 | D        | Reached XP level 6. HP: 39/39 MP: 7/7
    50 | D        | Found an ornate altar of the Wu Jian Council.
    50 | D        | Found a shimmering blue altar of Sif Muna.
    52 | D        | Found a radiant altar of Vehumet.
    55 | D        | Became a worshipper of the Wu Jian Council
    58 | D        | Reached skill level 5 in Dodging
    67 | D        | Found Huow's Book Emporium.
    67 | D        | Found an ancient bone altar of Kikubaaqudgha.
    67 | D        | Found a hazy altar of Hepliaklqana.
    67 | D        | Found a stormy altar of Qazlal.
    67 | D        | Found a hide-covered altar of Uskayaw.
    67 | D        | Found a blossoming altar of Fedhas.
    67 | D        | Found a bloodstained altar of Trog.
    67 | D        | Found an iron altar of Okawaru.
    67 | D        | Found a basalt altar of Yredelemnul.
    67 | D        | Found a glowing golden altar of the Shining One.
    67 | D        | Found a snail-covered altar of Cheibriados.
    67 | D        | Found a sacrificial altar of Ru.
    67 | D        | Found a glowing silver altar of Zin.
    67 | D        | Found a shadowy altar of Dithmenos.
    67 | D        | Found a white marble altar of Elyvilon.
    67 | D        | Noticed a yak
    68 | D        | Found an opulent altar of Gozag.
    68 | D        | Killed a yak
    69 | D        | Reached skill level 10 in Dodging
    69 | D        | Reached skill level 1 in Armour
    85 | D        | Found a sparkling altar of Nemelex Xobeh.
    91 | D        | Bought a book of Burglary for 280 gold pieces
    91 | D        | You pick up a book of Burglary and begin reading...
    91 | D        | You add the spells Passwall, Ensorcelled Hibernation and
                  | Swiftness to your library.
    95 | D        | Learned a level 2 spell: Passwall
   104 | D        | Noticed Sonja
   120 | D        | HP: 9/39 [Sonja/+1 short sword of distortion (5)]
   120 | D        | HP: 4/39 [Sonja/+1 short sword of distortion (5)]
   120 | D        | HP: 1/39 [poisoned by Sonja (curare-tipped dart)]
   122 | D        | Slain by Sonja

Vanquished Creatures
  Sigmund (D)
  A yak (D)
  An ogre (D)
  A jelly (D)
  Ijyb (D)
5 creatures vanquished.

Table legend:
 A = Non-vault XP
 B = Vault XP
 C = Vault XP percentage of total XP
 D = Non-vault monster count
 E = Vault monster count
 F = Vault count percentage of total count
                 A         B        C        D         E       F
            +---------+---------+-------+---------+---------+-------
      Total |       0 |     625 | 100.0 |       0 |       5 | 100.0
            +---------+---------+-------+---------+---------+-------
          D |       0 |     625 | 100.0 |       0 |       5 | 100.0
            +---------+---------+-------+---------+---------+-------

Illustrated notes

Table legend:
 A = Kills in this place as a percentage of kills in entire the game.
 B = Kills by you in this place as a percentage of kills by you in the entire game.
 C = Kills by friends in this place as a percentage of kills by friends in the entire game.
 D = Other kills in this place as a percentage of other kills in the entire game.
 E = Experience gained in this place as a percentage of experience gained in the entire game.
 F = Experience gained in this place divided by the number of levels of this place that you have seen.
                   A       B       C       D       E      F
               +-------+-------+-------+-------+-------+----------------------
         Total | 100.0 | 100.0 |   N/A |   N/A | 100.0 | 625.0
       Dungeon | 100.0 | 100.0 |   N/A |   N/A | 100.0 | 625.0
               +-------+-------+-------+-------+-------+----------------------

Table legend: (Time is in decaauts)
 A = Elapsed time spent in this place.
 B = Non-inter-level travel time spent in this place.
 C = Inter-level travel time spent in this place.
 D = Time resting spent in this place.
 E = Time spent auto-exploring this place.
 F = Levels seen in this place.
 G = Mean time per level.
                   A        B        C        D        E       F      G
               +--------+--------+--------+--------+--------+-----+--------+
         Total |     91 |     91 |      0 |      0 |      0 |   1 |   91.0 |
       Dungeon |     91 |     91 |      0 |      0 |      0 |   1 |   91.0 |
               +--------+--------+--------+--------+--------+-----+--------+

Top non-repeatable levels by time:
       D: 91 daAuts
